AoeStats
← Schantiiniiii

MegaRandom

507358094Analyzed
4v4 RM · 13d ago on Sep 17, 2026· 43m 55s· 8 players
Game mode
Random Map
Map size
Large (8 player)
Population
200
Speed
Normal
Resources
Standard
Victory
Conquest
Starting age
Dark Age
Ending age
Imperial Age
RankedLock teamsTeams togetherTeam positionsShared explorationLock speedFull tech treeHidden civsTurbo modeCheats
Victory
Defeat
🇬🇧 Goths · United Kingdom
1712
+11
🇵🇹 Sicilians · Portugal
1664
+13
🇲🇽 Saracens · Mexico
1629
+15
🇨🇳 Vikings · China
1580
+16
🇩🇪 Khmer · Germany
1660
-16
🇨🇭 Portuguese · Switzerland
1632
-15
🇩🇪 Teutons · Germany
1558
-12
🇩🇪 Cumans · Germany
1550
-12
{ BP } Käpt`n Iglo
5:52 Loom
8:31 Feudal Age
8:59 Double-Bit Axe
11:04 Town Watch
15:03 Scale Barding Armor
15:13 Forging
15:03 Horse Collar
17:05 Scale Barding Armor
24:45 Castle Age
23:37 Bloodlines
24:21 Fletching
24:34 Gold Mining
24:48 Crossbowman
28:03 Imperial Age
27:43 Bodkin Arrow
28:20 Crossbowman
29:23 Bracer
35:05 Ballistics
35:52 Chemistry
Schantiiniiii
6:57 Loom
9:08 Feudal Age
9:57 Double-Bit Axe
14:02 Town Watch
23:29 Castle Age
21:17 Horse Collar
22:27 Bloodlines
23:03 Scale Barding Armor
24:36 Scale Mail Armor
24:59 Chain Barding Armor
27:12 Gold Mining
28:43 Forging
30:37 Wheelbarrow
34:35 Husbandry
37:12 Bow Saw
41:37 Imperial Age
41:46 Iron Casting
41:35 Stone Mining
41:56 Cavalier
44:25 Plate Barding Armor
Serxer
7:33 Loom
9:47 Feudal Age
11:22 Double-Bit Axe
11:20 Horse Collar
19:04 Fletching
23:45 Castle Age
31:44 Bow Saw
DeadForGlory
6:01 Loom
9:16 Feudal Age
9:56 Double-Bit Axe
12:07 Scale Barding Armor
12:13 Forging
14:26 Horse Collar
17:22 Forging
19:32 Bloodlines
24:38 Castle Age
22:39 Gold Mining
25:45 Chain Barding Armor
26:00 Iron Casting
25:59 Heavy Plow
31:38 Wheelbarrow
33:53 Bow Saw
35:43 Town Watch
45:42 Imperial Age
Mr Greed
7:25 Loom
9:44 Feudal Age
13:55 Fletching
18:46 Horse Collar
18:52 Double-Bit Axe
25:13 Castle Age
25:18 Crossbowman
25:53 Bodkin Arrow
26:09 Bow Saw
27:30 Padded Archer Armor
29:34 Heavy Plow
31:53 Wheelbarrow
31:35 Medium Warships
38:03 Imperial Age
37:30 Bloodlines
37:21 Husbandry
38:08 Scale Barding Armor
38:31 Hand Cart
38:05 Cavalier
39:07 Conscription
39:31 Chain Barding Armor
41:17 Plate Barding Armor
41:12 Forging
41:56 Hauberk
43:29 Iron Casting
45:34 Blast Furnace
Crouch
6:09 Loom
8:33 Feudal Age
9:38 Double-Bit Axe
11:18 Horse Collar
19:33 Scale Mail Armor
23:07 Castle Age
22:46 Forging
23:12 Pikeman
23:52 Squires
24:11 Chain Mail Armor
25:02 Bow Saw
27:53 Wheelbarrow
29:50 Iron Casting
31:28 Hand Cart
30:59 Town Watch
35:30 Imperial Age
35:40 Halberdier
35:45 Capped Ram
39:20 Blast Furnace
42:28 Perfusion
43:08 Anarchy
Rv
6:04 Loom
8:28 Feudal Age
10:38 Double-Bit Axe
14:07 Fletching
17:56 Padded Archer Armor
19:03 Scale Mail Armor
23:29 Castle Age
21:33 Horse Collar
22:39 Gold Mining
23:37 Crossbowman
24:12 Bodkin Arrow
24:25 Bodkin Arrow
25:27 Ballistics
27:21 Bow Saw
28:17 Wheelbarrow
27:37 Town Watch
33:14 Gold Shaft Mining
32:29 Stone Mining
39:59 Imperial Age
37:45 Hand Cart
38:41 Chain Mail Armor
38:41 Leather Archer Armor
39:13 Forging
39:37 Thumb Ring
39:49 Leather Archer Armor
40:43 Bracer
41:50 Chemistry
41:20 Arbalester
44:13 Ring Archer Armor
43:45 Heavy Plow
44:45 Two-Man Saw
Bz_青红
5:50 Loom
8:36 Feudal Age
11:09 Double-Bit Axe
19:05 Castle Age
17:14 Horse Collar
19:03 Forging
19:34 Town Watch
19:57 Scale Barding Armor
22:15 Chain Barding Armor
28:05 Bow Saw
29:09 Heavy Plow
34:00 Pikeman
34:41 Scale Mail Armor
35:33 Iron Casting
40:33 Imperial Age
38:06 Fletching
38:46 Bodkin Arrow
38:54 Crossbowman
40:50 Ballistics
40:33 Padded Archer Armor
40:37 Arbalester
42:25 Chemistry
41:31 Bracer
42:27 Leather Archer Armor
42:48 Conscription
43:54 Ring Archer Armor
43:46 Capped Ram
Connection lost

Rejoining the realm…

Still unreachable

The connection could not be restored.

Session expired

The server has moved on; the page needs a fresh start.